 Seeded DCSS version 0.29.1-15-g9cfb28693d (webtiles) character file.

Game seed: 10786124958312911374 (custom seed)

93 bmack86 the Shield-Bearer (level 4, 0/40 HPs)
             Began as a Minotaur Fighter on Mar 2, 2023.
             Slain by a gnoll
             ... wielding a +0 spear
              (4 damage)
             ... on level 2 of the Dungeon.
             The game lasted 00:03:33 (1492 turns).

bmack86 the Shield-Bearer (Minotaur Fighter)        Turns: 1492, Time: 00:03:33

Health: 0/40       AC:  8    Str: 22    XL:     4   Next: 36%
Magic:  3/3        EV:  9    Int:  5    God:
Gold:   58         SH:  4    Dex: 10    Spells: 3/3 levels left

rFire   . . .      SeeInvis .   a - +0 war axe
rCold   . . .      Faith    .   c - +0 buckler
rNeg    . . .      Spirit   .   b - +0 scale mail
rPois   .          Reflect  .   (helmet restricted)
rElec   .          Harm     .   (no cloak)
rCorr   .          Rampage  .   (no gloves)
Will    .....                   i - +0 pair of boots
Stlth   ..........              (no amulet)
HPRegen 0.13/turn               (no ring)
MPRegen 0.08/turn               (no ring)

@: mighty
A: horns 2, retaliatory headbutt
a: no special abilities


You were on level 2 of the Dungeon.
You visited 1 branch of the dungeon, and saw 2 of its levels.

You collected 58 gold pieces.

Inventory:

Hand Weapons
 a - a +0 war axe (weapon)
Armour
 b - a +0 scale mail (worn)
 c - a +0 buckler (worn)
 i - a +0 pair of boots (worn)
 r - a +2 leather armour of cold resistance
Scrolls
 e - 2 scrolls of poison {unknown}
 f - a scroll of fear {unknown}
 h - a scroll of noise {unknown}
 j - a scroll of blinking {unknown}
 k - a scroll of summoning {unknown}
 m - a scroll of enchant weapon {unknown}
 t - a scroll of vulnerability {unknown}
Potions
 g - a potion of ambrosia
 l - 2 potions of berserk rage
 n - 3 potions of lignification
 o - a potion of curing {unknown}
 p - a potion of invisibility {unknown}
 q - 2 potions of resistance {unknown}
 s - a potion of brilliance {unknown}


   Skills:
 + Level 4.2 Fighting
 * Level 4.0 Axes
 + Level 4.2 Armour
 + Level 4.3 Shields


You had 3 spell levels left.
You didn't know any spells.
Your spell library contained the following spells:

 Spells                   Type           Power      Damage    Failure   Level
 Freeze                   Ice            0%         1d3       87%         1
 Frozen Ramparts          Ice            0%         1d1       99%         3
 Hailstorm                Conj/Ice       0%         3d3       100%        4
 Summon Ice Beast         Ice/Summ       0%         N/A       100%        4
 Summon Mana Viper        Hex/Summ       0%         N/A       100%        5
 Monstrous Menagerie      Summ           0%         N/A       100%        7


Dungeon Overview and Level Annotations

Branches:
Dungeon (2/15)

Altars:


Innate Abilities, Weirdness & Mutations

You have a pair of horns on your head.
You reflexively headbutt those who attack you in melee.


Message History

The gnoll hits you but does no damage. x3
You completely miss the gnoll.
The gnoll is heavily wounded.
The gnoll hits you with a +0 spear.
The gnoll hits you from afar with a +0 spear.
You block the gnoll's attack.
You hit the gnoll.
The gnoll is almost dead.
The gnoll completely misses you. The gnoll hits you but does no damage.
The gnoll misses you.
You completely miss the gnoll.
The gnoll is almost dead.
The gnoll hits you but does no damage. The gnoll completely misses you.
You block the gnoll's attack. The gnoll closely misses you.
The gnoll hits you but does no damage. The gnoll barely misses you.
You furiously retaliate!
You headbutt the gnoll!
You kill the gnoll!
Your Axes skill increases to level 4!
The gnoll misses you.
The gnoll hits you from afar with a +0 spear. x2
You barely miss the gnoll. The gnoll hits you but does no damage.
The gnoll barely misses you. The gnoll hits you but does no damage.
You slash the gnoll!
The gnoll is almost dead.
The gnoll hits you with a +0 spear.
The gnoll hits you from afar with a +0 spear.
The gnoll hits you but does no damage.
You slash the gnoll!
You kill the gnoll!
The gnoll hits you from afar with a +0 spear.
* * * LOW HITPOINT WARNING * * *
The gnoll misses you.
The gnoll hits you from afar with a +0 spear.
* * * LOW HITPOINT WARNING * * *
You block the gnoll's attack. The gnoll hits you with a +0 flail.
* * * LOW HITPOINT WARNING * * *
You slice the gnoll!!
You kill the gnoll!
The gnoll hits you from afar with a +0 spear.
You die...

...............##
.........#####..##
#.#.###### ##..#
...## ##.## ... )
#..## ... ..♣
##..# ### ....♣
##.# ..♣..g♣♣#.#
.^...g)@..#
.♣...g♣♣### ..).♣
..♣ .


You could see 3 gnolls.

Vanquished Creatures
  4 gnolls
  A worm (D:2)
  4 dart slugs
  5 endoplasms
  A giant cockroach (D:2)
  5 hobgoblins
  4 kobolds
  2 quokkas
  7 ball pythons
  10 bats
  2 frilled lizards (D:2)
  3 goblins
  4 rats (D:1)
52 creatures vanquished.

Notes
Turn   | Place    | Note
-------+----------+-------------------------------------------
     0 | D:1      | bmack86 the Minotaur Fighter began the quest for the Orb.
     0 | D:1      | Reached XP level 1. HP: 19/19 MP: 0/0
   430 | D:1      | Reached XP level 2. HP: 24/27 MP: 1/1
   655 | D:1      | Reached XP level 3. HP: 25/33 MP: 2/2
  1429 | D:2      | Reached XP level 4. HP: 40/40 MP: 3/3
  1475 | D:2      | Found the +14 obsidian axe {vorpal, Mesm Drain Fly SInv}
  1492 | D:2      | Slain by a gnoll

Illustrated notes

Levels and vault maps discovered:
D:1:      shiori_arrival_elements, layout_basic
D:2:      wander_river, layout_basic, pf_guarded_unrand_woodcutter,
          uniq_sigmund, uniq_terence

Skill      XL: |  1  2  3  4 |
---------------+-------------+-----
Axes           | 3 4 |  4.0
Armour         | 4 |  4.2
Fighting       | 4 |  4.2
Shields        | 4 |  4.3

Action                   |  1- 3 |  4- 6 || total
-------------------------+-------+-------++-------
Melee: War axe           |    74 |    16 ||    90
       Headbutt          |     7 |     2 ||     9
  Use: Scroll            |     3 |       ||     3
       Potion            |       |     1 ||     1
Armor: Scale mail        |    67 |    20 ||    87
Dodge: Dodged            |    37 |    19 ||    56
Block: Buckler           |    23 |     8 ||    31
